 Dungeon Crawl Stone Soup version 0.30.0-29-ga12c61a403 (webtiles) character file.

Game seed: 7776675352298681633

1844 qw the Cleaver (level 9, -19/56 HPs)
             Began as a Gargoyle Fighter on June 4, 2023.
             Was an Initiate of Okawaru.
             Demolished by a boulder beetle (43 damage)
             ... on level 7 of the Dungeon.
             The game lasted 00:02:10 (5272 turns).

qw the Cleaver (Gargoyle Fighter)                   Turns: 5272, Time: 00:02:11

Health: -19/56     AC: 20    Str: 23    XL:     9   Next: 12%
Magic:  9/9        EV:  8    Int: 10    God:    Okawaru [......]
Gold:   253        SH:  4    Dex:  9    Spells: 8/8 levels left

rFire   . . .        b - +8 mithril axe "Arga" {speed, Will+}
rCold   + . .        c - +0 buckler
rNeg    + . .        e - +2 chain mail {rC+}
rPois   inf          g - +1 hat
rElec   +            r - +0 cloak
rCorr   .            (no gloves)
SInv    .            (no boots)
Will    +....        (no amulet) Stlth
                     (no ring)
HPRegen 0.29/turn    (no ring)
MPRegen 0.11/turn

%: no passive effects
@: no status effects
A: sickness immunity, AC +6, negative energy resistance 1, electricity
resistance, torment resistance 1, petrification resistance
a: Renounce Religion


You were on level 7 of the Dungeon.
You worshipped Okawaru.
Okawaru was noncommittal.
You visited 2 branches of the dungeon, and saw 8 of its levels.

You collected 439 gold pieces.
You spent 186 gold pieces at shops.


Innate Abilities, Weirdness & Mutations

You are immune to sickness and miasma.
Your stone body is resilient. (AC +6)
You are immune to poison.
You resist negative energy. (rN+)
You are resistant to electric shocks. (rElec)
You are resistant to unholy torment.
You are immune to petrification.


   Skills:
 - Level 6.3 Fighting
 + Level 8.9 Axes
 - Level 2.0 Throwing
 - Level 4.0 Armour
 - Level 1.9 Dodging
 - Level 3.2 Shields


You had 8 spell levels left.
You didn't know any spells.
Your spell library was empty.

Inventory:

Hand Weapons
 b - the +8 mithril axe "Arga" (weapon) {speed, Will+}
   (You acquired it on level 3 of the Dungeon)

   Will:      It increases your willpower.
 t - a +0 broad axe
 u - a +0 morningstar
Missiles
 l - 5 boomerangs (quivered)
Armour
 c - a +0 buckler (worn)
 e - a +2 chain mail of cold resistance (worn)
 g - a +1 hat (worn)
 r - a +0 cloak (worn)
Scrolls
 i - 3 scrolls of identify
 p - a scroll of teleportation
Potions
 d - a potion of might
 f - a potion of cancellation
 j - a potion of haste
 m - a potion of lignification
 o - 4 potions of curing
 q - 2 potions of mutation

Dungeon Overview and Level Annotations

Branches:
Dungeon (7/15)             Temple (1/1) D:4

Altars:
Ashenzari
Cheibriados
Hepliaklqana
Kikubaaqudgha
Makhleb
Nemelex Xobeh
Okawaru
Wu Jian
Xom
Yredelemnul
Zin
The Shining One

Shops:
D:3 [   D:5 (


Message History

Okawaru accepts your kill.
You hit the steam dragon.
You are engulfed in a cloud of scalding steam.
You block the steam dragon's attack. The steam dragon barely misses you.
Your unstable footing causes you to fumble your attack.
You are engulfed in a cloud of scalding steam.
Your surroundings suddenly seem different.
A boulder beetle, 3 wights and an orc come into view.
Found a potion of curing, a long sword and 3 stones.
The orc shouts!
You throw a javelin. The javelin barely misses the orc.
You throw a javelin. The javelin closely misses the orc.
The javelin pierces through the wight.
The wight is lightly damaged.
The javelin pierces through the wight!
The wight is severely damaged.
The boulder beetle curls into a ball and begins rolling!
You hit the orc.
The orc is severely wounded.
The orc hits you but does no damage.
You hit the orc but do no damage.
The orc is severely wounded.
You barely miss the wight. You hit the wight. The orc barely misses you.
The wight hits you with a +0 battleaxe. The wight hits you but does no damage.
You hit the orc but do no damage.
The orc is severely wounded.
You hit the wight. You hit the wight but do no damage.
The orc hits you with a +3 mace. The wight hits you but does no damage.
You slice the wight!!
You destroy the wight!
Okawaru accepts your kill.
You hit the wight. You hit the orc.
You kill the orc!
Okawaru accepts your kill.
You hit the wight.
You hit the boulder beetle but do no damage.
The boulder beetle hits you!!!
Ouch! That really hurt!
You die...

.#(.(....+
........#
#.......#
...(...#
#......#
#..00.# #))z0.#
#z@B..#
...............
....##....!....
... #.....##).
. ####### .


You could see a boulder beetle (rolling) and 2 wights.

Vanquished Creatures
  A steam dragon (D:4)
  An orc warrior (D:6)
  A black bear (D:4)
  An ice beast (D:5)
  3 ogres
  3 phantoms
  A kobold brigand (D:6)
  A gnoll sergeant (D:6)
  2 scorpions
  A wight (D:7)
  A howler monkey (D:5)
  An electric eel (D:7)
  A hound (D:4)
  A jelly (D:4)
  A gnoll bouda (D:6)
  An orc priest (D:6)
  A sleepcap (D:6)
  Jessica (D:2)
  6 orc wizards
  An iguana (D:6)
  7 gnolls (D:6)
  15 adders
  2 white imps (D:6)
  An ufetubus (D:7)
  2 worms
  2 dart slugs
  10 orcs
  3 bats
  7 endoplasms
  3 giant cockroaches
  5 hobgoblins
  7 jackals
  4 quokkas
  11 ball pythons
  A frilled lizard (D:1)
  3 goblins
  9 kobolds
  4 rats
126 creatures vanquished.

Notes
Turn   | Place    | Note
-------+----------+-------------------------------------------
     0 | D:1      | qw the Gargoyle Fighter began the quest for the Orb.
     0 | D:1      | Reached XP level 1. HP: 14/14 MP: 1/1
     0 | D:1      | 0 ||| qw: Version: 0.2-a-107-g4668610
     0 | D:1      | 0 ||| qw: Game counter: 1196
     0 | D:1      | 0 ||| qw: Always use a shield: true
     0 | D:1      | 0 ||| qw: God list: Okawaru
     0 | D:1      | 0 ||| qw: Allow faded altars: false
     0 | D:1      | 0 ||| qw: Do Orc after D:15 true
     0 | D:1      | 0 ||| qw: Do second Lair branch before Depths: true
     0 | D:1      | 0 ||| qw: Lair rune preference: random
     0 | D:1      | 0 ||| qw: Plans: Normal, Zot:1-4, Slime:5, God:TSO, Crypt,
                  | Tomb, Abyss, Pan, Hells, Win
     0 | D:1      | 0 ||| PLANNING D:1-11
    57 | D:1      | Reached skill level 2 in Axes
    64 | D:1      | 64 ||| Stepping ~*~*~tactically~*~*~ (hiding).
   227 | D:1      | Reached XP level 2. HP: 18/19 MP: 2/2
   340 | D:1      | 340 ||| Stepping ~*~*~tactically~*~*~ (stealth).
   456 | D:1      | Reached skill level 3 in Axes
   655 | D:1      | 655 ||| Stepping ~*~*~tactically~*~*~ (stealth).
   791 | D:1      | 791 ||| UPGRADING to +1 hat.
   796 | D:1      | 796 ||| READING scroll labelled OTSAKO UZY APTAE.
   799 | D:1      | 799 ||| READING 2 scrolls labelled LUHIAL TEBY.
   837 | D:2      | Reached skill level 1 in Throwing
   837 | D:2      | Reached XP level 3. HP: 23/23 MP: 3/3
  1088 | D:2      | 1088 ||| Stepping ~*~*~tactically~*~*~ (stealth).
  1145 | D:2      | Noticed Jessica
  1152 | D:2      | Killed Jessica
  1153 | D:2      | Reached XP level 4. HP: 19/28 MP: 4/4
  1194 | D:2      | 1194 ||| Stepping ~*~*~tactically~*~*~ (stealth).
  1199 | D:2      | Reached skill level 4 in Axes
  1737 | D:2      | 1737 ||| UPGRADING to +0 chain mail.
  1747 | D:2      | 1747 ||| DROPPING +0 scale mail.
  1748 | D:2      | 1748 ||| READING 2 scrolls labelled OBRUCL VOUKO.
  1749 | D:2      | 1749 ||| READING scroll labelled QAPHOOSHR JEERORUI.
  1750 | D:2      | 1750 ||| DRINKING 2 coppery potions.
  1751 | D:2      | 1751 ||| DROPPING scroll of amnesia.
  1792 | D:3      | 1792 ||| Stepping ~*~*~tactically~*~*~ (stealth).
  2160 | D:3      | Reached XP level 5. HP: 32/32 MP: 5/5
  2260 | D:3      | Found Zuveov's Armour Shop.
  2263 | D:3      | 2263 ||| BUYING +0 cloak (54 gold).
  2263 | D:3      | Bought a +0 cloak for 54 gold pieces
  2263 | D:3      | 2263 ||| SHOPLISTING +0 leather armour of Tededuw {-Cast
                  | Harm rPois rCorr Stlth+} (175 gold, have 65).
  2263 | D:3      | 2263 ||| SHOPLISTING +2 chain mail of fire resistance (258
                  | gold, have 65).
  2263 | D:3      | 2263 ||| SHOPLISTING +2 pair of boots of Kaefulan {rCorr
                  | Dex+5} (451 gold, have 65).
  2431 | D:3      | Reached skill level 5 in Axes
  2684 | D:3      | 2684 ||| UPGRADING to +0 cloak.
  2689 | D:3      | 2689 ||| READING scroll labelled RUR GAMEOWEM.
  2689 | D:3      | Identified a scroll of acquirement
  2689 | D:3      | 2689 ||| ACQUIRING +8 mithril axe "Arga" {speed, Will+}
  2689 | D:3      | Acquired the +8 mithril axe "Arga" {speed, Will+}
  2689 | D:3      | Found the +8 mithril axe "Arga" {speed, Will+}
  2691 | D:3      | 2691 ||| SWAPPING to +8 mithril axe "Arga" {speed, Will+}.
  2692 | D:3      | 2692 ||| READING scroll labelled EZIUCH NADI.
  2693 | D:3      | 2693 ||| READING scroll labelled CEDEMA YRAMNICH.
  2694 | D:3      | 2694 ||| DRINKING 2 purple potions.
  2695 | D:3      | 2695 ||| DRINKING 2 fizzy orange potions.
  2731 | D:3      | 2731 ||| READING 3 scrolls of identify.
  2731 | D:3      | 2731 ||| IDENTIFYING smoky golden potion
  2732 | D:3      | 2732 ||| READING 2 scrolls of identify.
  2732 | D:3      | 2732 ||| IDENTIFYING yellow potion
  2733 | D:3      | 2733 ||| DROPPING potion of brilliance.
  2760 | D:4      | Reached XP level 6. HP: 38/38 MP: 6/6
  2762 | D:4      | Found a staircase to the Ecumenical Temple.
  2763 | D:4      | 2763 ||| PLANNING TEMPLE
  2771 | Temple   | Entered the Ecumenical Temple
  2873 | Temple   | 2873 ||| PLANNING D:1-11
  3019 | D:4      | 3019 ||| Stepping ~*~*~tactically~*~*~ (stealth).
  3049 | D:4      | 3049 ||| DROPPING +0 club.
  3191 | D:4      | 3191 ||| Stepping ~*~*~tactically~*~*~ (stealth).
  3204 | D:4      | Found a glowing golden altar of the Shining One.
  3270 | D:4      | Noticed a steam dragon
  3271 | D:4      | Noticed a black bear
  3277 | D:4      | Killed a black bear
  3278 | D:4      | Reached XP level 7. HP: 21/44 MP: 7/7
  3281 | D:4      | Killed a steam dragon
  3282 | D:4      | Reached skill level 6 in Axes
  3404 | D:4      | Identified the +4 ring mail "Qan Fafu" {rElec rF- Dex+3}
  3515 | D:4      | 3515 ||| DROPPING +4 ring mail "Qan Fafu" {rElec rF-
                  | Dex+3}.
  3516 | D:4      | 3516 ||| READING scroll labelled NEMAMN AMADOM.
  3617 | D:4      | 3617 ||| READING scroll labelled IXINLERHI.
  3618 | D:4      | 3618 ||| READING 3 scrolls of identify.
  3618 | D:4      | 3618 ||| IDENTIFYING orange potion
  3619 | D:4      | 3619 ||| DROPPING potion of ambrosia.
  3632 | D:5      | Entered Level 5 of the Dungeon
  3641 | D:5      | Reached skill level 1 in Dodging
  3720 | D:5      | Reached skill level 7 in Axes
  3739 | D:5      | Found a broken altar of Ashenzari.
  3881 | D:5      | Reached XP level 8. HP: 48/48 MP: 8/8
  3889 | D:5      | 3889 ||| Stepping ~*~*~tactically~*~*~ (stealth).
  3903 | D:5      | Found Arurom's Antique Weapon Emporium.
  3923 | D:5      | 3923 ||| BUYING broad axe (132 gold).
  3923 | D:5      | Bought a broad axe for 132 gold pieces
  3923 | D:5      | 3923 ||| DROPPING +0 war axe.
  4142 | D:5      | 4142 ||| READING scroll labelled BEAGEN VEL.
  4143 | D:5      | 4143 ||| READING scroll labelled QOMANE ETE.
  4182 | D:6      | 4182 ||| Stepping ~*~*~tactically~*~*~ (hiding).
  4193 | D:6      | Reached skill level 8 in Axes
  4196 | D:6      | HP: 4/50 [gnoll/+0 halberd[a gnoll sergeant] (10)]
  4197 | D:6      | 4197 ||| READING 3 scrolls of teleportation.
  4198 | D:6      | 4198 ||| DRINKING 2 potions of heal wounds.
  4363 | D:6      | 4363 ||| Stepping ~*~*~tactically~*~*~ (hiding).
  4364 | D:6      | 4364 ||| Stepping ~*~*~tactically~*~*~ (hiding).
  4455 | D:6      | 4455 ||| Stepping ~*~*~tactically~*~*~ (hiding).
  4462 | D:6      | Reached skill level 6 in Fighting
  4592 | D:6      | Found an iron altar of Okawaru.
  4593 | D:6      | 4593 ||| PLANNING OKAWARU WORSHIP
  4593 | D:6      | 4593 ||| READING 3 scrolls of identify.
  4593 | D:6      | 4593 ||| IDENTIFYING green potion
  4599 | D:6      | Became a worshipper of Warmaster Okawaru
  4599 | D:6      | 4599 ||| PLANNING D:1-11
  4610 | D:6      | 4610 ||| DROPPING +3 whip.
  4642 | D:6      | 4642 ||| Stepping ~*~*~tactically~*~*~ (hiding).
  4654 | D:6      | Reached XP level 9. HP: 25/56 MP: 9/9
  4876 | D:6      | 4876 ||| Stepping ~*~*~tactically~*~*~ (hiding).
  4877 | D:6      | 4877 ||| Stepping ~*~*~tactically~*~*~ (hiding).
  4879 | D:6      | 4879 ||| Stepping ~*~*~tactically~*~*~ (hiding).
  5031 | D:6      | 5031 ||| DROPPING +0 flail.
  5177 | D:6      | 5177 ||| UPGRADING to +2 chain mail of cold resistance.
  5187 | D:6      | 5187 ||| DROPPING +0 chain mail.
  5188 | D:6      | 5188 ||| READING 4 scrolls of identify.
  5188 | D:6      | 5188 ||| IDENTIFYING murky brown potion
  5189 | D:6      | 5189 ||| DROPPING potion of degeneration.
  5234 | D:7      | 5234 ||| PLANNING OSSUARY
  5235 | D:7      | 5235 ||| Stepping ~*~*~tactically~*~*~ (stealth).
  5254 | D:7      | 5254 ||| Stepping ~*~*~tactically~*~*~ (cloud).
  5260 | D:7      | HP: 12/56 [steam dragon (8)]
  5261 | D:7      | 5261 ||| READING 2 scrolls of teleportation.
  5262 | D:7      | 5262 ||| DRINKING potion of heal wounds.
  5266 | D:7      | Noticed a boulder beetle
  5272 | D:7      | Demolished by a boulder beetle

Levels and vault maps discovered:
D:1:      lemuel_arrival_tunnels, layout_loops_ring
D:2:      layout_basic, uniq_jessica
D:3:      layout_basic, serial_shops, nicolae_shop_real_fake_doors,
          minmay_snake_closets
D:4:      layout_rooms, nicolae_overflow_crystal_walls,
          minmay_temple_entry_statues_fountains
D:5:      layout_basic, amcnicky_altar_gilded, minmay_shop_grid_forest
D:6:      layout_loops_ring, mainiacjoe_overflow_cross_hatched
D:7:      layout_gridville, lemuel_doored_altar, mainiacjoe_overflow_two_lobes,
          serial_bayou, serial_bayou_crossing, serial_bayou_lagoon_a,
          serial_bayou_lagoon_b, serial_bayou_shore_a, serial_shops,
          nicolae_book_shop_shelving, enter_ossuary_3,
          corexii_item_surrounded_by_moat
Temple:   hellmonk_temple_beads

Skill      XL: |  1  2  3  4  5  6  7  8 |
---------------+-------------------------+-----
Axes           | 2 3 4 5 7 8 |  8.9
Throwing       | 1 2 |  2.0
Fighting       | 4 6 |  6.3
Dodging        | 1 |  1.9
Armour         | 4 |  4.0
Shields        | |  3.2

Action                     |  1- 3 |  4- 6 |  7- 9 || total
---------------------------+-------+-------+-------++-------
  Melee: War axe           |    90 |    78 |       ||   168
         Broad axe         |       |    22 |   105 ||   127
  Throw: Javelin           |    11 |    34 |    27 ||    72
         Boomerang         |       |       |     2 ||     2
    Use: Scroll            |     2 |     7 |     9 ||    18
         Potion            |       |     3 |     2 ||     5
 Armour: Scale mail        |    47 |     2 |       ||    49
         Chain mail        |       |    62 |    56 ||   118
  Dodge: Dodged            |    54 |    36 |    30 ||   120
  Block: Buckler           |    20 |    16 |    16 ||    52

Table legend:
 A = Non-vault XP
 B = Vault XP
 C = Vault XP percentage of total XP
 D = Non-vault monster count
 E = Vault monster count
 F = Vault count percentage of total count
                 A         B        C        D         E       F
            +---------+---------+-------+---------+---------+-------
      Total |    2589 |     127 |   4.7 |     113 |      13 |  10.3
            +---------+---------+-------+---------+---------+-------
        D:1 |      33 |       0 |   0.0 |      19 |       0 |   0.0
        D:2 |      72 |      37 |  33.9 |      18 |       1 |   5.3
        D:3 |      41 |      90 |  68.7 |       9 |      12 |  57.1
        D:4 |     592 |       0 |   0.0 |      17 |       0 |   0.0
        D:5 |     690 |       0 |   0.0 |      11 |       0 |   0.0
        D:6 |     939 |       0 |   0.0 |      31 |       0 |   0.0
        D:7 |     222 |       0 |   0.0 |       8 |       0 |   0.0
            +---------+---------+-------+---------+---------+-------
